 Dungeon Crawl Stone Soup version 0.29.1-15-g9cfb28693d (webtiles) character file.

Game seed: 729404084070331865

416 leafyfresh the Covert (level 6, -1/45 HPs)
             Began as an Octopode Delver on Feb 24, 2023.
             Was an Initiate of Ashenzari.
             Killed by nerve-wracking pain
             ... invoked by Grinder
              (14 damage)
             ... on level 3 of the Dungeon.
             The game lasted 00:03:27 (1710 turns).

leafyfresh the Covert (Octopode Delver)             Turns: 1710, Time: 00:03:28

Health: -1/45      AC:  1    Str: 11    XL:     6   Next: 92%
Magic:  6/6        EV: 14    Int: 14    God:    Ashenzari [......]
Gold:   110        SH:  0    Dex: 14    Spells: 5/5 levels left

rFire   . . .      SeeInvis .   m - +2 dagger (venom)
rCold   + . .      Faith    .   (no shield)
rNeg    . . .      Spirit   .   (helmet restricted)
rPois   .          Reflect  .   (no amulet)
rElec   .          Harm     .   i - ring of Toth-Mos's Legacy {rC+, Cun, Self} (curse)
rCorr   .          Rampage  .   (no ring)
Will    .....                   (no ring)
Stlth   +++++.....              (no ring)
HPRegen 0.15/turn               (no ring)
MPRegen 0.10/turn               (no ring)
                                (no ring)
                                (no ring)

@: lethally poisoned (-1 -> -2), hasted, very quick
A: almost no armour, amphibious, 8 rings, camouflage 1, gelatinous body 1,
(nimble swimmer 1), tentacles
a: Renounce Religion, Curse Item, Shatter the Chains


You were on level 3 of the Dungeon.
You worshipped Ashenzari.
Ashenzari was noncommittal.
You visited 2 branches of the dungeon, and saw 4 of its levels.

You collected 110 gold pieces.

Inventory:

Hand Weapons
 a - a +0 short sword
 m - a +2 dagger of venom (weapon)
Jewellery
 i - the cursed ring of Toth-Mos's Legacy (left tentacle) {rC+, Cun, Self}
   (You found it on level 5 of the Dungeon)

   [ring of protection from cold]

   rC:        It protects you from cold.
   It has a curse which improves the following skills: Cunning: Dodging and
   Stealth.
   Introspection: Fighting and Spellcasting.
Wands
 f - a wand of digging (3)
Scrolls
 b - a scroll of fog
 c - 4 scrolls of magic mapping
 d - a scroll of immolation {unknown}
 g - 2 scrolls of identify {unknown}
 h - 2 scrolls of teleportation {unknown}
 l - a scroll of enchant armour {unknown}
 n - 2 scrolls of noise {unknown}
Potions
 j - a potion of ambrosia {unknown}
 k - a potion of degeneration {unknown}


   Skills:
 + Level 4.7(5.1) Fighting
 - Level 3.1 Short Blades
 + Level 4.1(4.5) Dodging
 + Level 8.5(8.9) Stealth


You had 5 spell levels left.
You didn't know any spells.
Your spell library was empty.

Dungeon Overview and Level Annotations

Branches:
Dungeon (5/15)             Temple (1/1) D:5

Altars:
Ashenzari
Vehumet
Wu Jian
The Shining One

Annotations:
D:3 Grinder, Robin


Innate Abilities, Weirdness & Mutations

You cannot wear most types of armour.
You are amphibious.
You can wear up to eight rings at the same time.
Your skin changes colour to match your surroundings (Stealth+).
Your rubbery body absorbs attacks. (AC +1, EV +1)
((You are camouflaged when in or above water. (Stealth+)))
You have tentacles for arms and can constrict up to eight enemies at once.


Message History

You kill the goblin!
You feel sick. Robin barely misses you.
You closely miss the hobgoblin. Your grab misses the hobgoblin.
You feel sick. Robin closely misses you.
The hobgoblin hits you but does no damage.
You hit the hobgoblin.
The hobgoblin is poisoned.
Your grab misses the hobgoblin.
The hobgoblin is moderately wounded.
You feel sick. Robin barely misses you. The hobgoblin misses you.
You barely miss the hobgoblin. You grab the hobgoblin.
The hobgoblin is moderately wounded.
You constrict the hobgoblin, but do no damage.
You feel sick.
You hit the hobgoblin.
You kill the hobgoblin!
You feel sick. Robin closely misses you.
You feel sick.
Robin hits you with a +1 spear of venom.
You are more poisoned.
Items here: ))))) ††††.
You hit Robin but do no damage.
Robin is poisoned.
Your grab misses Robin.
You feel sick.
Robin hits you with a +1 spear of venom.
The worm bites you.
You are too injured to fight recklessly!
You are too injured to fight recklessly!
Unknown command.
You feel yourself speed up.
You feel sick. Robin closely misses you.
Grinder blinks!
Unknown command.
Unknown command.
Unknown command.
You feel sick. Robin closely misses you. The worm barely misses you.
You feel sick.
The hobgoblin no longer looks unusually strong.
You feel sick.
You feel sick. Grinder gestures at you. Pain shoots through your body!
You die...

####.# ♣♣.♣♣ ##...#.# ....#
..#.# ♣♣.P.♣ #....#.# 5g...#
#.#.# ♣.P..♣ #....#.# #
g...g.##...# #....# #....#.# #
.......##..# #....###....#.# ##
gg.w....##)# #...........#.###.
.........#)#####..........#.##..
gg.......#)#..............#.#..#
........))wg...@.........<#.....
.........'g5).............#.####
.........'......#.#####..##.#
..$......#......#.# ##..##.#
.........#.#....#.# ......####
l.......##......#.####..........
..[....###).....).........######
......# .####..#......#...#
....# .......>...##.#...#####


You could see Grinder, a worm, Robin (very poisoned) and a hobgoblin.

Vanquished Creatures
  2 elf zombies (D:4)
  A bullfrog (D:4)
  A scorpion (D:4)
  A necrophage (D:4)
  A human zombie (D:4)
  A hound (D:4)
  An adder (D:3)
  2 orcs (D:3)
  3 endoplasms
  A giant cockroach (D:4)
  10 goblins
  5 hobgoblins
  A kobold (D:3)
  3 quokkas
  A ball python (D:4)
  2 frilled lizards (D:3)
  3 orc skeletons (D:4)
  A rat (D:3)
40 creatures vanquished.

Notes
Turn   | Place    | Note
-------+----------+-------------------------------------------
     0 | D:5      | leafyfresh the Octopode Delver began the quest for the Orb.
     0 | D:5      | Reached XP level 1. HP: 16/16 MP: 1/1
    55 | D:5      | Found a staircase to the Ecumenical Temple.
   121 | Temple   | Entered the Ecumenical Temple
   140 | Temple   | Became a worshipper of Ashenzari the Shackled
   214 | D:5      | Noticed a scorpion
   229 | D:4      | Noticed a scorpion
   232 | D:4      | Killed a scorpion
   233 | D:4      | Reached skill level 7 in Stealth
   233 | D:4      | Reached XP level 2. HP: 11/21 MP: 2/2
   233 | D:4      | Reached XP level 3. HP: 13/26 MP: 3/3
   233 | D:4      | Reached XP level 4. HP: 16/31 MP: 4/4
   778 | D:4      | Noticed a necrophage
   788 | D:4      | Killed a necrophage
   789 | D:4      | Reached XP level 5. HP: 19/37 MP: 5/5
   971 | D:4      | Reached skill level 8 in Stealth
   971 | D:4      | Reached XP level 6. HP: 41/44 MP: 6/6
  1170 | D:4      | Found a radiant altar of Vehumet.
  1635 | D:3      | Noticed Robin
  1636 | D:3      | Noticed Grinder
  1710 | D:3      | Killed from afar by Grinder

Illustrated notes

Levels and vault maps discovered:
D:3:      layout_basic, kennysheep_cluttered_room, chequers_jeans, uniq_robin,
          uniq_grinder, uniq_crazy_yiuf_cottage
D:4:      layout_gridville, mainiacjoe_overflow_concentric_impassable,
          nicolae_ossuary_entry_catacombs, minmay_misc_feat_iff
D:5:      nicolae_cairo_tiling_large, layout_basic,
          minmay_temple_entry_poolview, minmay_stone_trees_small,
          hangedman_decor_lopped
Temple:   bh_familiar_temple

Skill      XL: |  1  2  3  4  5  6 |
---------------+-------------------+-----
Stealth        | 7 8 |  8.5
Short Blades   | 3 |  3.1
Dodging        | 3 4 |  4.1
Fighting       | 4 |  4.7

Action                   |  1- 3 |  4- 6 || total
-------------------------+-------+-------++-------
Melee: Short sword       |     2 |    14 ||    16
       Tentacles         |     1 |    18 ||    19
       Constrict         |     1 |    22 ||    23
       Dagger            |       |    75 ||    75
       Punch             |       |     1 ||     1
Invok: Curse Item        |       |     1 ||     1
  Use: Scroll            |     1 |       ||     1
       Potion            |       |     1 ||     1
 Stab: Sleeping          |     1 |    12 ||    13
Armor: Skin              |       |     3 ||     3
Dodge: Dodged            |     1 |    47 ||    48
